 Dungeon Crawl Stone Soup version 0.23-a0-375-g66a18ee (webtiles) character file.

1686 galech the Chopper (level 8, -5/63 HPs)
             Began as a Demonspawn Fighter on Oct 26, 2018.
             Was a Believer of Okawaru.
             Slain by an ogre
             ... wielding a +0 giant club
              (7 damage)
             ... on level 7 of the Dungeon.
             The game lasted 00:06:31 (4249 turns).

galech the Chopper (Demonspawn Fighter)             Turns: 4249, Time: 00:06:31

Health: -5/63      AC: 11    Str: 17    XL:     8   Next: 71%
Magic:  0/8        EV:  8    Int: 10    God:    Okawaru [**....]
Gold:   452        SH: 10    Dex: 14    Spells: 7/7 levels left

rFire    . . .     SeeInvis .   a - +0 war axe
rCold    . . .     Gourm    .   c - +0 shield
rNeg     . . .     Faith    +   b - +0 scale mail
rPois    .         Spirit   +   (no helmet)
rElec    .         Reflect  .   (no cloak)
rCorr    .         Harm     .   r - +0 pair of gloves
MR       +....                  (no boots)
Stlth    ..........             q - amulet of faith
HPRegen  0.20/turn              e - ring of protection from magic
MPRegen  0.11/turn              (no ring)

@: no status effects
A: talons 2, icy blue scales 2, magic shield
a: Heroism, Renounce Religion


You were on level 7 of the Dungeon.
You worshipped Okawaru.
Okawaru was pleased with you.
You were not hungry.

You visited 2 branches of the dungeon, and saw 8 of its levels.

You collected 452 gold pieces.

Inventory:

Hand Weapons
 a - a +0 war axe (weapon)
Armour
 b - a +0 scale mail (worn)
 c - a +0 shield (worn)
 r - a +0 pair of gloves (worn)
Jewellery
 e - a ring of protection from magic (left hand)
 q - an amulet of faith (around neck)
 x - an uncursed amulet of guardian spirit {unknown}
Wands
 u - a wand of random effects (31)
 w - a wand of acid (4)
 y - a wand of paralysis (17)
Scrolls
 g - a scroll of noise {unknown}
 h - 2 scrolls of blinking {unknown}
 j - 2 scrolls of enchant weapon {unknown}
 k - 6 scrolls of identify {unknown}
 l - 4 scrolls of remove curse {unknown}
 m - a scroll of teleportation {unknown}
 n - a scroll of magic mapping {unknown}
 p - a scroll of immolation {unknown}
 s - 4 scrolls of enchant armour {unknown}
Potions
 d - 3 potions of might
 i - 2 potions of agility
 o - a potion of berserk rage {unknown}
 t - a potion of flight {unknown}
 v - 2 potions of curing {unknown}
 z - 2 potions of ambrosia {unknown}
 B - a potion of haste {unknown}
 C - a potion of brilliance {unknown}
Comestibles
 f - 11 rations
 A - 4 chunks of flesh


   Skills:
 + Level 5.4 Fighting
 + Level 6.2 Axes
 + Level 4.8 Armour
 + Level 2.1 Dodging
 + Level 0.8 Stealth
 + Level 5.7 Shields
 + Level 0.6 Invocations


You had 7 spell levels left.
You didn't know any spells.
Your spell library contained the following spells:

 Spells                   Type           Power        Failure   Level  Hunger
 Flame Tongue             Conj/Fire      #....        98%         1    ##.....
 Shock                    Conj/Air       #...         98%         1    ##.....
 Swiftness                Chrm/Air       #.......     99%         2    ###....
 Throw Flame              Conj/Fire      #.....       99%         2    ###....
 Conjure Flame            Conj/Fire      #.......     100%        3    ####...
 Inner Flame              Hex/Fire       #.......     100%        3    ####...
 Static Discharge         Conj/Air       #.......     100%        3    ####...
 Airstrike                Air            #.........   100%        4    #####..
 Sticky Flame             Conj/Fire      #.......     100%        4    #####..
 Fireball                 Conj/Fire      #.........   100%        5    ######.
 Lightning Bolt           Conj/Air       #.........   100%        5    ######.


Dungeon Overview and Level Annotations

Branches:
Dungeon (7/15)             Temple (1/1) D:4

Altars:
Elyvilon
Fedhas
Hepliaklqana
Kikubaaqudgha
Makhleb
Nemelex Xobeh
Okawaru
Qazlal
Sif Muna
Yredelemnul
Zin


Innate Abilities, Weirdness & Mutations

You have razor-sharp toenails.
You are mostly covered in icy blue scales. (AC +3)
When hurt, damage is shared between your health and your magic reserves.


Message History

The ogre is moderately wounded.
The ogre barely misses you.
You closely miss the ogre.
The ogre is moderately wounded.
The ogre hits you with a +0 giant club!!
* * * LOW HITPOINT WARNING * * *
The ogre hits you with a +0 giant club!
* * * LOW HITPOINT WARNING * * *
You are too injured to fight recklessly!
You are too injured to fight recklessly!
You are too injured to fight recklessly!
You are too injured to fight recklessly!
You are too injured to fight recklessly!
You are too injured to fight recklessly!
You are too injured to fight recklessly!
You don't have enough magic at the moment.
You hit the ogre but do no damage.
The ogre is moderately wounded.
The ogre hits you with a +0 giant club!
You die...

#### . # .....
....#.#####.....#
#...O@.<......#
###.###.#.....#
.< #.# ..... #.#
#.# .... # #%#
#$# ... . ... ...


You could see an ogre.

Vanquished Creatures
  Sigmund (D:2)
  A human (D:3)
  2 ogres (D:6)
  A bullfrog (D:6)
  A water moccasin zombie (D:6)
  A howler monkey (D:6)
  2 crimson imps
  A quasit (D:6)
  4 hounds
  4 orc priests
  A jelly (D:6)
  3 orc wizards
  Natasha (thrice) (D:3)
  A human skeleton (D:3)
  Ijyb (D:4)
  4 worker ants
  A howler monkey zombie (D:5)
  4 gnolls (D:2)
  11 adders
  11 river rats (D:6)
  An ooze (D:2)
  2 adder skeletons (D:4)
  2 adder zombies
  A dart slug (D:1)
  6 leopard geckos
  14 orcs
  5 bats
  5 giant cockroaches
  10 goblins
  7 hobgoblins
  16 jackals
  10 quokkas
  7 frilled lizards
  2 goblin zombies (D:3)
  9 kobolds
  28 rats
183 creatures vanquished.

Notes
Turn   | Place    | Note
-------+----------+-------------------------------------------
     0 | D:1      | galech the Demonspawn Fighter began the quest for the Orb.
     0 | D:1      | Reached XP level 1. HP: 18/18 MP: 1/1
    97 | D:1      | Gained mutation: You have sharp toenails. [demonic
                  | ancestry]
    97 | D:1      | Reached XP level 2. HP: 16/24 MP: 2/2
   281 | D:1      | Reached skill level 2 in Axes
   292 | D:1      | Gained mutation: You are partially covered in icy blue
                  | scales. (AC +2) [demonic ancestry]
   292 | D:1      | Reached XP level 3. HP: 12/29 MP: 3/3
   915 | D:2      | Found a hazy altar of Hepliaklqana.
   927 | D:2      | Reached XP level 4. HP: 34/35 MP: 4/4
  1132 | D:2      | Found a burning altar of Makhleb.
  1245 | D:2      | Reached skill level 3 in Axes
  1250 | D:2      | Gained mutation: You are mostly covered in icy blue scales.
                  | (AC +3) [demonic ancestry]
  1250 | D:2      | Reached XP level 5. HP: 30/41 MP: 5/5
  1421 | D:2      | Noticed Sigmund
  1431 | D:2      | Killed Sigmund
  1431 | D:2      | Reached XP level 6. HP: 41/48 MP: 6/6
  1590 | D:3      | Noticed Natasha
  1597 | D:3      | Killed Natasha
  1597 | D:3      | Reached skill level 4 in Axes
  1600 | D:3      | Reached skill level 1 in Dodging
  1654 | D:3      | Noticed Natasha
  1661 | D:3      | Killed Natasha
  1734 | D:3      | Noticed Natasha
  1738 | D:3      | Killed Natasha
  1919 | D:3      | Found a runed door.
  1919 | D:3      | Noticed a human
  1928 | D:3      | Found a basalt altar of Yredelemnul.
  1980 | D:3      | Killed a human
  1980 | D:3      | Gained mutation: You have razor-sharp toenails. [demonic
                  | ancestry]
  1980 | D:3      | Reached XP level 7. HP: 53/54 MP: 7/7
  2037 | D:4      | Noticed Ijyb
  2058 | D:4      | Killed Ijyb
  2071 | D:4      | Reached skill level 5 in Axes
  2371 | D:3      | Found a basalt altar of Yredelemnul.
  2427 | D:4      | Found a staircase to the Ecumenical Temple.
  2433 | Temple   | Entered the Ecumenical Temple
  2438 | Temple   | Became a worshipper of Warmaster Okawaru
  2814 | D:5      | Entered Level 5 of the Dungeon
  3016 | D:5      | Found an ancient bone altar of Kikubaaqudgha.
  3392 | D:6      | Found a white marble altar of Elyvilon.
  3395 | D:6      | Gained mutation: When hurt, damage is shared between your
                  | health and your magic reserves. [demonic ancestry]
  3395 | D:6      | Reached XP level 8. HP: 53/61 MP: 8/8
  3400 | D:6      | Reached * piety under Okawaru
  3444 | D:6      | Reached skill level 5 in Shields
  3468 | D:6      | Reached skill level 5 in Fighting
  3580 | D:6      | Found a deep blue altar of Sif Muna.
  3580 | D:6      | Found a glowing silver altar of Zin.
  3587 | D:6      | Reached ** piety under Okawaru
  3920 | D:6      | Reached skill level 6 in Axes
  4248 | D:7      | HP: 2/63 [ogre/+0 giant club (13)]
  4249 | D:7      | Slain by an ogre

Vault maps used:
D:1:      lemuel_arrival_river_ford, minmay_tetromino_l4
D:2:      lemuel_crystal_altar, makhleb_heckhound_becter, uniq_sigmund
D:3:      lemuel_upstairs_altar, dk_yredelemnul_ordeal, uniq_natasha
D:4:      minmay_temple_entry_enclosed_plants, chequers_serial_rivers_micro_a,
          uniq_ijyb
D:5:      nicolae_overflow_crystal_walls, first_ration
D:6:      lemuel_ratsnest, elyvilon_altar_5,
          chequers_temple_overflow_statue_of_worship
D:7:      lemuel_doored_altar, lemuel_round_altar, overflow_temple_1_default,
          the_bakery, nemelex_spade_bored_becter, uniq_harold
Temple:   zaba_magenta_temple

Skill      XL: |  1  2  3  4  5  6  7  8 |
---------------+-------------------------+-----
Armour         | 3 4 |  4.8
Axes           | 2 3 4 5 6 |  6.2
Shields        | 3 4 5 |  5.7
Dodging        | 1 2 |  2.1
Fighting       | 4 5 |  5.4
Stealth        | |  0.8
Invocations    | |  0.6

Action                   |  1- 3 |  4- 6 |  7- 9 || total
-------------------------+-------+-------+-------++-------
Melee: War axe           |    95 |   130 |   315 ||   540
       Kick              |    17 |    31 |    73 ||   121
Invok: Heroism           |       |       |     1 ||     1
  Eat: Chunk             |       |     4 |     8 ||    12
Armor: Scale mail        |    60 |    52 |   135 ||   247
Dodge: Dodged            |    39 |    49 |   106 ||   194
Block: Shield            |    64 |    63 |   162 ||   289

Table legend:
 A = Non-vault XP
 B = Vault XP
 C = Vault XP percentage of total XP
 D = Non-vault monster count
 E = Vault monster count
 F = Vault count percentage of total count
                 A         B        C        D         E       F
            +---------+---------+-------+---------+---------+-------
      Total |    1593 |     816 |  33.9 |     128 |      55 |  30.1
            +---------+---------+-------+---------+---------+-------
        D:1 |      51 |       6 |  10.5 |      26 |       4 |  13.3
        D:2 |     136 |     247 |  64.5 |      22 |       2 |   8.3
        D:3 |     137 |     258 |  65.3 |      24 |       5 |  17.2
        D:4 |     325 |      36 |  10.0 |      19 |       1 |   5.0
        D:5 |     207 |       0 |   0.0 |      16 |       0 |   0.0
        D:6 |     737 |     269 |  26.7 |      21 |      43 |  67.2
            +---------+---------+-------+---------+---------+-------
